 Dungeon Crawl Stone Soup version 0.31.0-11-ge490571c62 (webtiles) character file.

Game seed: 14524013894752455538

1229 qw the Skirmisher (level 8, -3/40 HPs)
             Began as a Spriggan Hunter on Feb 4, 2024.
             Slain by a gnoll
             ... wielding a +0 whip
              (8 damage)
             ... on level 6 of the Dungeon.
             The game lasted 00:00:20 (4413 turns).

qw the Skirmisher (Spriggan Hunter)                 Turns: 4413, Time: 00:00:20

Health: -3/40      AC:  4    Str:  7    XL:     8   Next: 24%
Magic:  9/9        EV: 23    Int: 11    God:
Gold:   258        SH:  0    Dex: 20    Spells: 7/7 levels left

rFire   . . .        b - +3 sling (heavy)
rCold   . . .        (no shield)
rNeg    . . .        c - +0 robe
rPois   .            (helmet restricted)
rElec   .            f - +1 cloak
rCorr   .            (gloves unavailable)
SInv    +            (boots unavailable)
Will    +....        (no amulet)
Stlth   ++           (no ring)
HPRegen 0.26/turn    (no ring)
MPRegen 0.11/turn

%: no passive effects
@: about to teleport, very quick
A: very small, no large weapons, unfitting armour, see invisible, speed 3
a: no special abilities


You were on level 6 of the Dungeon.
You visited 1 branch of the dungeon, and saw 6 of its levels.

You collected 258 gold pieces.


Innate Abilities, Weirdness & Mutations

You are very small and have problems with some larger weapons.
You are too small for most types of armour.
You have supernaturally acute eyesight. (SInv)
You cover ground extremely quickly. (Speed+++)


   Skills:
 - Level 3.0 Fighting
 + Level 8.3 Ranged Weapons
 - Level 8.2 Dodging
 - Level 1.5 Stealth


You had 7 spell levels left.
You didn't know any spells.
Your spell library was empty.

Inventory:

Hand Weapons
 b - a +3 heavy sling (weapon)
Armour
 c - a +0 robe (worn)
 f - a +1 cloak (worn)
Wands
 h - a wand of charming (12)
Scrolls
 a - a scroll of identify
Potions
 d - 2 potions of curing

Dungeon Overview and Level Annotations

Branches:
Dungeon (6/15)
 Temple: D:4-7

Altars:
Ashenzari
Elyvilon
Ru

Annotations:
D:5 1 runed translucent door, Crazy Yiuf


Message History

The sling bullet barely misses the gnoll.
The sling bullet hits the gnoll!
The gnoll is heavily wounded.
The gnoll closely misses you.
You shoot a sling bullet.
The sling bullet closely misses the gnoll.
The gnoll closely misses you. The gnoll completely misses you. x2
The gnoll misses you. x2
You shoot a sling bullet. The sling bullet hits the gnoll!
You kill the gnoll!
The gnoll hits you from afar with a +0 spear.
You shoot a sling bullet. The sling bullet hits the sky beast!
The sky beast is moderately wounded.
The gnoll misses you. The gnoll completely misses you.
The sky beast misses you. The gnoll completely misses you.
You shoot a sling bullet.
The sling bullet barely misses the sky beast.
The sky beast closely misses you. The gnoll hits you with a +0 whip.
The gnoll completely misses you.
You shoot a sling bullet.
The sling bullet barely misses the sky beast.
The sky beast hits you. The sky beast shocks you.
The gnoll hits you with a +0 whip!
The gnoll hits you from afar with a +0 spear.
The gnoll closely misses you. The sky beast closely misses you.
The gnoll hits you with a +0 whip.
You shoot a sling bullet. The sling bullet hits the sky beast!
The sky beast is severely wounded.
The sky beast hits you but does no damage.
The gnoll closely misses you. The gnoll misses you.
You shoot a sling bullet. The sling bullet hits the sky beast.
The sky beast is severely wounded.
The sky beast barely misses you. The gnoll misses you.
The gnoll completely misses you. The gnoll hits you with a +0 whip!
The sky beast completely misses you. The gnoll completely misses you.
4413 ||| READING scroll of teleportation.
As you read the scroll of teleportation, it crumbles to dust.
You feel strangely unstable. The sky beast completely misses you.
The gnoll hits you with a +0 whip!
You die...

######
##.....##
........##
.....g.@<#
......gY.#
.).........
.........###
..........
..........#
......[<...
...<.......#


You could see a sky beast and 2 gnolls.

Vanquished Creatures
  Eustachio (D:4)
  Menkaure (D:5)
  An ice beast (D:5)
  3 ogres
  A scorpion (D:3)
  2 howler monkeys (D:4)
  A bombardier beetle (D:5)
  A hound (D:4)
  A jelly (D:5)
  An orc priest (D:4)
  Terence (D:2)
  3 iguanas
  8 gnolls
  9 adders
  3 dart slugs
  12 orcs
  6 ball pythons
  6 endoplasms
  6 giant cockroaches
  8 goblins
  5 hobgoblins
  5 quokkas
  9 bats
  7 frilled lizards
  11 kobolds
  5 rats
117 creatures vanquished.

Notes
Turn   | Place    | Note
-------+----------+-------------------------------------------
     0 | D:1      | qw the Spriggan Hunter began the quest for the Orb.
     0 | D:1      | Reached XP level 1. HP: 10/10 MP: 2/2
     0 | D:1      | 0 ||| qw: Version: 0.3-a-160-g6735b56
     0 | D:1      | 0 ||| qw: Game counter: 4638
     0 | D:1      | 0 ||| qw: Melee chars always use a shield: true
     0 | D:1      | 0 ||| qw: God list: Okawaru
     0 | D:1      | 0 ||| qw: Allow faded altars: false
     0 | D:1      | 0 ||| qw: Do Orc after clearing Dungeon:15 true
     0 | D:1      | 0 ||| qw: Do second Lair branch before Depths: true
     0 | D:1      | 0 ||| qw: Lair rune preference: random
     0 | D:1      | 0 ||| qw: Goals: Normal
     0 | D:1      | 0 ||| PLANNING D:1-11
    84 | D:1      | Reached skill level 3 in Dodging
    95 | D:1      | Found a faded altar of an unknown god.
   128 | D:1      | Reached XP level 2. HP: 14/14 MP: 3/3
   316 | D:1      | Reached XP level 3. HP: 18/18 MP: 4/4
   738 | D:1      | 738 ||| UPGRADING to +0 cloak.
   743 | D:1      | 743 ||| READING scroll labelled IGIANEI VAZUE.
   774 | D:1      | 774 ||| READING scroll labelled VUORUR LURA.
   774 | D:1      | 774 ||| IDENTIFYING 2 red potions
   775 | D:1      | 775 ||| DROPPING scroll of butterflies.
   848 | D:2      | You fall into a shaft and drop 1 floor!
   887 | D:3      | 887 ||| FLEEEEING.
   888 | D:3      | 888 ||| FLEEEEING.
   889 | D:3      | 889 ||| STAIRDANCE
  1046 | D:2      | Found a white marble altar of Elyvilon.
  1106 | D:2      | Noticed Terence
  1112 | D:2      | Killed Terence
  1113 | D:2      | Reached XP level 4. HP: 22/22 MP: 5/5
  1534 | D:2      | 1534 ||| READING scroll of identify.
  1534 | D:2      | 1534 ||| IDENTIFYING emerald potion
  1535 | D:2      | 1535 ||| DROPPING potion of lignification.
  1627 | D:3      | 1627 ||| FLEEEEING.
  1749 | D:3      | Reached XP level 5. HP: 14/26 MP: 6/6
  2091 | D:3      | Reached skill level 6 in Ranged Weapons
  2160 | D:3      | 2160 ||| READING 4 scrolls of identify.
  2160 | D:3      | 2160 ||| IDENTIFYING bubbling puce potion
  2161 | D:3      | 2161 ||| READING 3 scrolls of identify.
  2161 | D:3      | 2161 ||| IDENTIFYING scroll labelled WAELEX FUSHAQ
  2162 | D:3      | 2162 ||| READING 2 scrolls of identify.
  2162 | D:3      | 2162 ||| IDENTIFYING scroll labelled AHUMO YKLEOH
  2163 | D:3      | 2163 ||| READING scroll of identify.
  2163 | D:3      | 2163 ||| IDENTIFYING scroll labelled SAONWAC KEROS
  2164 | D:3      | 2164 ||| DROPPING scroll of noise.
  2165 | D:3      | 2165 ||| DROPPING scroll of fear.
  2166 | D:3      | 2166 ||| DROPPING scroll of poison.
  2201 | D:4      | 2201 ||| SWAPPING to +3 heavy sling.
  2202 | D:4      | 2202 ||| DROPPING +0 shortbow.
  2239 | D:4      | HP: 3/26 [orc priest/divine providence (13)]
  2240 | D:4      | 2240 ||| DRINKING potion of heal wounds.
  2244 | D:4      | Reached XP level 6. HP: 5/30 MP: 7/7
  2271 | D:4      | Reached skill level 6 in Dodging
  2281 | D:4      | 2281 ||| FLEEEEING.
  2282 | D:4      | 2282 ||| FLEEEEING.
  2283 | D:4      | 2283 ||| FLEEEEING.
  2287 | D:4      | 2287 ||| FLEEEEING.
  2288 | D:4      | 2288 ||| FLEEEEING.
  2289 | D:4      | 2289 ||| FLEEEEING.
  2292 | D:4      | 2292 ||| FLEEEEING.
  2293 | D:4      | 2293 ||| FLEEEEING.
  2294 | D:4      | 2294 ||| FLEEEEING.
  2295 | D:4      | 2295 ||| FLEEEEING.
  2296 | D:4      | 2296 ||| FLEEEEING.
  2297 | D:4      | 2297 ||| FLEEEEING.
  2298 | D:4      | 2298 ||| FLEEEEING.
  2303 | D:4      | 2303 ||| FLEEEEING.
  2304 | D:4      | 2304 ||| FLEEEEING.
  2305 | D:4      | 2305 ||| FLEEEEING.
  2306 | D:4      | 2306 ||| FLEEEEING.
  2307 | D:4      | 2307 ||| FLEEEEING.
  2308 | D:4      | 2308 ||| FLEEEEING.
  2309 | D:4      | 2309 ||| FLEEEEING.
  2310 | D:4      | 2310 ||| FLEEEEING.
  2311 | D:4      | 2311 ||| FLEEEEING.
  2312 | D:4      | 2312 ||| FLEEEEING.
  2313 | D:4      | 2313 ||| FLEEEEING.
  2314 | D:4      | 2314 ||| FLEEEEING.
  2316 | D:4      | 2316 ||| FLEEEEING.
  2317 | D:4      | 2317 ||| FLEEEEING.
  2320 | D:4      | 2320 ||| STAIRDANCE
  2571 | D:4      | Noticed Eustachio
  2581 | D:4      | Killed Eustachio
  2586 | D:4      | 2586 ||| FLEEEEING.
  2605 | D:4      | Reached XP level 7. HP: 35/35 MP: 8/8
  2707 | D:4      | Found a sacrificial altar of Ru.
  2952 | D:4      | Found a broken altar of Ashenzari.
  3407 | D:4      | 3407 ||| READING scroll of identify.
  3407 | D:4      | 3407 ||| IDENTIFYING coppery potion
  3408 | D:4      | 3408 ||| READING scroll labelled OFAIGA CIORAGEL.
  3409 | D:4      | 3409 ||| READING scroll labelled XYZOXZ VOSO.
  3410 | D:4      | 3410 ||| READING scroll labelled HAUNAE JELUA.
  3415 | D:4      | 3415 ||| DROPPING potion of degeneration.
  3435 | D:5      | Entered Level 5 of the Dungeon
  3670 | D:5      | Noticed Menkaure
  3674 | D:5      | Killed Menkaure
  3675 | D:5      | Reached skill level 3 in Fighting
  3675 | D:5      | Reached XP level 8. HP: 13/40 MP: 9/9
  3675 | D:5      | 3675 ||| FLEEEEING.
  3676 | D:5      | 3676 ||| FLEEEEING.
  3677 | D:5      | 3677 ||| FLEEEEING.
  3678 | D:5      | 3678 ||| FLEEEEING.
  3679 | D:5      | 3679 ||| FLEEEEING.
  3682 | D:5      | 3682 ||| FLEEEEING.
  3683 | D:5      | 3683 ||| FLEEEEING.
  3684 | D:5      | 3684 ||| FLEEEEING.
  3685 | D:5      | 3685 ||| FLEEEEING.
  3691 | D:5      | 3691 ||| FLEEEEING.
  3692 | D:5      | 3692 ||| STAIRDANCE
  3862 | D:5      | Found a runed translucent door.
  3863 | D:5      | Noticed Crazy Yiuf
  4380 | D:5      | 4380 ||| READING 3 scrolls of identify.
  4380 | D:5      | 4380 ||| IDENTIFYING scroll labelled FUQAGE IPLYRAC
  4381 | D:5      | 4381 ||| READING 2 scrolls of identify.
  4381 | D:5      | 4381 ||| IDENTIFYING scroll labelled SAPNAOV EBOE
  4382 | D:5      | 4382 ||| READING scroll of enchant armour.
  4382 | D:5      | 4382 ||| ENCHANTING +0 cloak.
  4383 | D:5      | 4383 ||| DROPPING scroll of vulnerability.
  4412 | D:6      | HP: 4/40 [gnoll/+0 whip (7)]
  4413 | D:6      | 4413 ||| READING scroll of teleportation.
  4413 | D:6      | Slain by a gnoll

Levels and vault maps discovered:
D:1:      lemuel_arrival_broad_hall, layout_loops_cross,
          shapermc_ecumenical_altar_flowoftime, minmay_ruptured
D:2:      layout_basic, basic_altar, corexii_hall_statues_t, uniq_terence
D:3:      layout_rooms, minmay_misc_feat_nine_boxes, nicolae_half_adder
D:4:      layout_layer_cave, general_overflow_altar,
          cheibrodos_ashenzari_chains, eino_tiny_chamber, serial_bayou_lagoon_b,
          uniq_eustachio
D:5:      layout_gridville, uniq_crazy_yiuf_cottage, uniq_menkaure
D:6:      layout_rooms, uniq_edmund, uniq_blork_the_orc, uniq_sigmund,
          uniq_duvessa, uniq_grinder

Skill      XL: |  1  2  3  4  5  6  7  8 |
---------------+-------------------------+-----
Dodging        | 3 4 5 6 7 8 |  8.2
Ranged Weapons | 5 6 7 8 |  8.3
Fighting       | 2 3 |  3.0
Stealth        | |  1.5

Action                     |  1- 3 |  4- 6 |  7- 9 || total
---------------------------+-------+-------+-------++-------
   Fire: Shortbow          |    92 |   111 |       ||   203
         Sling             |       |    42 |    78 ||   120
    Use: Scroll            |     2 |     5 |     8 ||    15
         Potion            |       |     1 |       ||     1
 Armour: Robe              |     6 |    20 |     9 ||    35
  Dodge: Dodged            |    31 |    78 |    36 ||   145

Table legend:
 A = Non-vault XP
 B = Vault XP
 C = Vault XP percentage of total XP
 D = Non-vault monster count
 E = Vault monster count
 F = Vault count percentage of total count
                 A         B        C        D         E       F
            +---------+---------+-------+---------+---------+-------
      Total |    1303 |     454 |  25.8 |     109 |       8 |   6.8
            +---------+---------+-------+---------+---------+-------
        D:1 |      60 |       5 |   7.7 |      32 |       2 |   5.9
        D:2 |      12 |      36 |  75.0 |      10 |       1 |   9.1
        D:3 |     181 |      39 |  17.7 |      25 |       3 |  10.7
        D:4 |     450 |     202 |  31.0 |      26 |       1 |   3.7
        D:5 |     556 |     172 |  23.6 |      13 |       1 |   7.1
        D:6 |      44 |       0 |   0.0 |       3 |       0 |   0.0
            +---------+---------+-------+---------+---------+-------
